General information
- name: BNet
- type: Ladder team game (AT/RT)
- host: Battle.net
- saver: BRIENNEOFTARTH
map: Deathknell
- players: 8
- length: 33:52
- speed: Fast
- version: 1.27 W3XP
- replay type: Public
» download(248 KB)
Players
team 1 (loser)

»
muffelmuff (
teal | 71 APM | 1048 actions | 14:47)
3 Demon Hunter
1 Evasion
2 Mana Burn
» actions
| Assign group hotkey | 13 | |
| Basic commands | 15 | |
| Build / train | 39 | |
| Enter build submenu | 14 | |
| Enter hero's abilities submenu | 3 | |
| Right click | 384 | |
| Select / deselect | 200 | |
| Select group hotkey | 277 | |
| Use ability | 103 | |
1048 total
» units
» upgrades
| Druid of the Claw Training | 1 | |
1 total
» buildings
| Altar of Elders | 1 | |
| Moon Well | 3 | |
| Ancient of War | 1 | |
| Tree of Ages | 2 | |
| Tree of Life | 1 | |
| Hunter's Hall | 1 | |
| Ancient of Lore | 3 | |
| Tree of Eternity | 1 | |
| Ancient of Wonders | 1 | |
14 total
» build order
00:14 Altar of Elders
00:28 Moon Well
00:53 Ancient of War
01:29 Moon Well
02:14 Moon Well
03:26 Tree of Ages
03:26 Tree of Ages
04:41 Tree of Life
05:40 Hunter's Hall
06:59 Ancient of Lore
07:01 Tree of Eternity
07:19 Ancient of Lore
07:23 Ancient of Lore
10:58 Ancient of Wonders
» items
Your.Master. (
green | 104 APM | 3539 actions | 33:51)
5 Death Knight
3 Death Coil
2 Unholy Aura
3 Crypt Lord
2 Carrion Beetles
1 Impale
» actions
| Assign group hotkey | 61 | |
| Basic commands | 58 | |
| Build / train | 164 | |
| ESC pressed | 3 | |
| Enter build submenu | 46 | |
| Enter hero's abilities submenu | 8 | |
| Give item / drop item | 5 | |
| Right click | 1749 | |
| Select / deselect | 493 | |
| Select group hotkey | 750 | |
| Use ability | 202 | |
3539 total
» units
| Acolyte | 12 | |
| Ghoul | 3 | |
| Crypt Fiend | 14 | |
| Goblin Shredder | 5 | |
| Goblin Sapper | 2 | |
| Abomination | 2 | |
| Meatwagon | 2 | |
| Goblin Zeppelin | 3 | |
43 total
» upgrades
| Creature Attack | 3 | |
| Creature Carapace | 2 | |
| Disease Cloud | 1 | |
| Well Spring | 1 | |
| Ultravision | 1 | |
| Web | 1 | |
| Unholy Armor | 3 | |
| Burrow | 1 | |
| Ghoul Frenzy | 1 | |
| Unholy Strength | 3 | |
17 total
» buildings
| Graveyard | 1 | |
| Crypt | 1 | |
| Altar of Darkness | 2 | |
| Ziggurat | 20 | |
| Tomb of Relics | 1 | |
| Nerubian Tower | 20 | |
| Halls of the Dead | 2 | |
| Necropolis | 1 | |
| Black Citadel | 2 | |
| Slaughterhouse | 2 | |
| Spirit Tower | 37 | |
| Moon Well | 11 | |
100 total
» build order
00:24 Graveyard
00:26 Crypt
00:46 Altar of Darkness
00:58 Ziggurat
01:14 Tomb of Relics
02:02 Ziggurat
03:44 Ziggurat
04:28 Nerubian Tower
04:28 Nerubian Tower
05:15 Halls of the Dead
05:16 Halls of the Dead
05:34 Necropolis
06:47 Ziggurat
06:56 Ziggurat
07:40 Nerubian Tower
07:41 Nerubian Tower
09:06 Black Citadel
09:06 Black Citadel
09:45 Slaughterhouse
09:49 Slaughterhouse
11:30 Spirit Tower
11:30 Spirit Tower
11:30 Spirit Tower
11:32 Ziggurat
11:33 Ziggurat
13:16 Ziggurat
13:23 Ziggurat
13:25 Ziggurat
14:19 Spirit Tower
15:00 Spirit Tower
15:00 Spirit Tower
15:01 Spirit Tower
15:01 Spirit Tower
15:01 Spirit Tower
15:38 Spirit Tower
15:38 Spirit Tower
15:38 Spirit Tower
15:51 Ziggurat
15:53 Ziggurat
15:59 Ziggurat
16:30 Ziggurat
16:51 Spirit Tower
16:52 Spirit Tower
16:52 Spirit Tower
16:52 Spirit Tower
16:53 Spirit Tower
17:24 Nerubian Tower
17:25 Nerubian Tower
17:25 Nerubian Tower
17:29 Ziggurat
17:31 Ziggurat
17:36 Ziggurat
18:34 Nerubian Tower
18:34 Nerubian Tower
18:34 Nerubian Tower
18:35 Nerubian Tower
18:35 Spirit Tower
18:35 Spirit Tower
18:36 Spirit Tower
18:36 Spirit Tower
18:41 Ziggurat
18:44 Spirit Tower
18:44 Spirit Tower
18:44 Spirit Tower
18:45 Spirit Tower
19:53 Altar of Darkness
21:09 Moon Well
21:13 Moon Well
21:15 Moon Well
21:16 Moon Well
21:18 Moon Well
21:19 Moon Well
22:09 Ziggurat
23:39 Nerubian Tower
23:39 Nerubian Tower
25:57 Moon Well
26:01 Moon Well
26:24 Ziggurat
29:19 Spirit Tower
29:19 Spirit Tower
33:44 Moon Well
33:47 Moon Well
33:48 Moon Well
» items
| Rod of Necromancy | 3 | |
| Sacrificial Skull | 6 | |
| Lesser Clarity Potion | 1 | |
| Potion of Healing | 5 | |
| Scroll of Town Portal | 1 | |
| Orb of Corruption | 1 | |
17 total
jt94beachbum (
red | 44 APM | 588 actions | 13:17)
3 Blademaster
2 Wind Walk
1 Critical Strike
» actions
| Assign group hotkey | 5 | |
| Basic commands | 2 | |
| Build / train | 34 | |
| Enter build submenu | 14 | |
| Enter hero's abilities submenu | 3 | |
| Remove unit from queue | 1 | |
| Right click | 288 | |
| Select / deselect | 102 | |
| Select group hotkey | 92 | |
| Use ability | 47 | |
588 total
» units
» upgrades
| Melee Weapons | 1 | |
| Berserker Strength | 1 | |
| Armor | 1 | |
| Shaman Training | 1 | |
4 total
» buildings
| Altar of Storms | 1 | |
| Orc Burrow | 5 | |
| Voodoo Lounge | 1 | |
| Barracks | 1 | |
| Stronghold | 1 | |
| War Mill | 1 | |
| Watch Tower | 1 | |
| Spirit Lodge | 1 | |
| Fortress | 0 | |
12 total
» build order
00:09 Altar of Storms
00:12 Orc Burrow
00:42 Voodoo Lounge
01:30 Barracks
02:14 Orc Burrow
03:47 Orc Burrow
04:53 Stronghold
05:10 War Mill
06:48 Watch Tower
08:12 Orc Burrow
08:52 Spirit Lodge
10:21 Fortress
10:27 Orc Burrow
» items
| Healing Salve | 3 | |
| Lesser Clarity Potion | 3 | |
| Scroll of Town Portal | 2 | |
| Potion of Healing | 2 | |
| Potion of Mana | 1 | |
11 total
Ludakatapro (
orange | 70 APM | 1075 actions | 15:15)
2 Archmage
1 Summon Water Elemental
1 Brilliance Aura
1 Paladin
1 Holy Light
» actions
| Assign group hotkey | 23 | |
| Basic commands | 1 | |
| Build / train | 41 | |
| Enter build submenu | 14 | |
| Enter hero's abilities submenu | 3 | |
| Right click | 641 | |
| Select / deselect | 162 | |
| Select group hotkey | 141 | |
| Use ability | 49 | |
1075 total
» units
| Peasant | 10 | |
| Footman | 9 | |
| Gryphon Rider | 3 | |
22 total
» upgrades
| Lumber Harvesting | 1 | |
| Storm Hammers | 1 | |
2 total
» buildings
| Altar of Kings | 1 | |
| Farm | 8 | |
| Barracks | 1 | |
| Lumber Mill | 1 | |
| Scout Tower | 3 | |
| Arcane Vault | 1 | |
| Arcane Tower | 2 | |
| Keep | 1 | |
| Blacksmith | 1 | |
| Guard Tower | 1 | |
| Gryphon Aviary | 3 | |
| Castle | 1 | |
24 total
» build order
00:15 Altar of Kings
00:18 Farm
00:24 Barracks
01:10 Farm
01:23 Lumber Mill
01:57 Scout Tower
02:07 Arcane Vault
02:41 Arcane Tower
03:49 Keep
05:07 Farm
05:08 Farm
05:12 Scout Tower
05:13 Scout Tower
05:19 Blacksmith
05:41 Guard Tower
06:25 Arcane Tower
06:50 Gryphon Aviary
06:52 Gryphon Aviary
07:43 Gryphon Aviary
07:46 Castle
11:19 Farm
11:20 Farm
11:21 Farm
11:21 Farm
» items
| Scroll of Regeneration | 2 | |
| Staff of Sanctuary | 2 | |
| Scroll of Town Portal | 3 | |
7 total
team 2 (winner)
P12ACTICE (
blue | 72 APM | 2438 actions | 33:51)
2 Death Knight
2 Death Coil
2 Lich
1 Frost Nova
1 Frost Armor
» actions
| Assign group hotkey | 1 | |
| Basic commands | 189 | |
| Build / train | 67 | |
| Enter build submenu | 22 | |
| Enter hero's abilities submenu | 4 | |
| Remove unit from queue | 4 | |
| Right click | 1331 | |
| Select / deselect | 709 | |
| Select group hotkey | 2 | |
| Use ability | 107 | |
2438 total
» units
| Acolyte | 2 | |
| Ghoul | 4 | |
| Crypt Fiend | 13 | |
| Obsidian Statue | 3 | |
| Frost Wyrm | 3 | |
| Gargoyle | 3 | |
28 total
» upgrades
| Creature Carapace | 2 | |
| Web | 1 | |
| Burrow | 1 | |
| Ghoul Frenzy | 0 | |
| Destroyer Form | 1 | |
| Creature Attack | 1 | |
6 total
» buildings
| Crypt | 1 | |
| Graveyard | 1 | |
| Altar of Darkness | 1 | |
| Ziggurat | 7 | |
| Tomb of Relics | 1 | |
| Nerubian Tower | 1 | |
| Halls of the Dead | 2 | |
| Slaughterhouse | 1 | |
| Black Citadel | 3 | |
| Sacrificial Pit | 1 | |
| Boneyard | 2 | |
| Spirit Tower | 1 | |
22 total
» build order
00:21 Crypt
00:24 Graveyard
00:30 Altar of Darkness
00:46 Ziggurat
01:07 Tomb of Relics
01:20 Ziggurat
03:26 Nerubian Tower
04:04 Ziggurat
06:12 Halls of the Dead
06:12 Halls of the Dead
06:20 Ziggurat
07:01 Ziggurat
08:39 Slaughterhouse
11:46 Black Citadel
11:46 Black Citadel
12:36 Sacrificial Pit
13:34 Ziggurat
14:18 Boneyard
14:19 Boneyard
15:47 Ziggurat
22:16 Spirit Tower
» items
| Rod of Necromancy | 3 | |
| Dust of Appearance | 1 | |
| Potion of Healing | 1 | |
| Lesser Clarity Potion | 1 | |
| Healing Salve | 1 | |
| Scroll of Speed | 1 | |
8 total
SsundeE (
pink | 158 APM | 4000 actions | 25:23)
3 Keeper of the Grove
2 Entangling Roots
1 Force of Nature
3 Pandaren Brewmaster
2 Breath of Fire
1 Drunken Haze
» actions
| Assign group hotkey | 52 | |
| Basic commands | 414 | |
| Build / train | 59 | |
| ESC pressed | 4 | |
| Enter build submenu | 23 | |
| Enter hero's abilities submenu | 6 | |
| Give item / drop item | 2 | |
| Right click | 942 | |
| Select / deselect | 605 | |
| Select group hotkey | 1799 | |
| Use ability | 94 | |
4000 total
» units
» upgrades
| Ultravision | 1 | |
| Abolish Magic | 1 | |
| Strength of the Wild | 2 | |
4 total
» buildings
| Altar of Elders | 4 | |
| Moon Well | 7 | |
| Hunter's Hall | 2 | |
| Ancient of War | 1 | |
| Ancient of Wonders | 2 | |
| Tree of Ages | 1 | |
| Ancient of Lore | 2 | |
| Tree of Eternity | 2 | |
21 total
» build order
00:09 Altar of Elders
00:12 Altar of Elders
00:19 Altar of Elders
00:21 Altar of Elders
00:35 Moon Well
01:49 Hunter's Hall
01:51 Hunter's Hall
02:06 Ancient of War
02:20 Moon Well
02:57 Ancient of Wonders
03:32 Tree of Ages
06:38 Ancient of Lore
06:40 Ancient of Lore
07:42 Moon Well
07:45 Moon Well
11:18 Ancient of Wonders
15:40 Tree of Eternity
15:40 Tree of Eternity
17:22 Moon Well
17:22 Moon Well
17:23 Moon Well
» items
| Lesser Clarity Potion | 3 | |
| Staff of Preservation | 1 | |
| Scroll of Town Portal | 1 | |
5 total
BRIENNEOFTARTH (
purple | 56 APM | 1883 actions | 33:52)
3 Blademaster
2 Wind Walk
1 Critical Strike
3 Shadow Hunter
1 Hex
2 Healing Wave
» actions
| Assign group hotkey | 29 | |
| Basic commands | 152 | |
| Build / train | 55 | |
| Enter build submenu | 22 | |
| Enter hero's abilities submenu | 6 | |
| Give item / drop item | 6 | |
| Right click | 734 | |
| Select / deselect | 229 | |
| Select group hotkey | 545 | |
| Use ability | 105 | |
1883 total
» units
| Peon | 12 | |
| Wind Rider | 9 | |
| Goblin Shredder | 3 | |
| Goblin Sapper | 5 | |
29 total
» upgrades
| Envenomed Spears | 1 | |
| Reinforced Defenses | 1 | |
| Ranged Weapons | 2 | |
| Armor | 2 | |
6 total
» buildings
| Altar of Storms | 1 | |
| Orc Burrow | 7 | |
| War Mill | 1 | |
| Voodoo Lounge | 1 | |
| Stronghold | 2 | |
| Watch Tower | 8 | |
| Fortress | 2 | |
| Beastiary | 3 | |
| Great Hall | 1 | |
26 total
» build order
00:08 Altar of Storms
00:22 Orc Burrow
01:11 War Mill
01:18 Voodoo Lounge
02:49 Stronghold
02:51 Orc Burrow
02:56 Watch Tower
03:06 Watch Tower
03:34 Watch Tower
05:10 Fortress
05:11 Fortress
05:14 Beastiary
05:17 Beastiary
05:37 Orc Burrow
06:32 Orc Burrow
07:24 Watch Tower
09:28 Watch Tower
09:28 Watch Tower
09:29 Watch Tower
09:50 Watch Tower
14:38 Great Hall
15:06 Beastiary
15:10 Orc Burrow
17:04 Orc Burrow
17:07 Orc Burrow
» items
| Healing Salve | 2 | |
| Lesser Clarity Potion | 1 | |
| Potion of Healing | 1 | |
| Tiny Great Hall | 1 | |
| Orb of Lightning | 1 | |
| Scroll of Town Portal | 1 | |
7 total
mdusan (
yellow | 110 APM | 2697 actions | 24:24)
4 Death Knight
2 Death Coil
2 Unholy Aura
2 Lich
1 Frost Armor
1 Frost Nova
» actions
| Assign group hotkey | 61 | |
| Basic commands | 83 | |
| Build / train | 78 | |
| ESC pressed | 1 | |
| Enter build submenu | 27 | |
| Enter hero's abilities submenu | 6 | |
| Give item / drop item | 2 | |
| Remove unit from queue | 10 | |
| Right click | 1925 | |
| Select / deselect | 233 | |
| Select group hotkey | 191 | |
| Use ability | 80 | |
2697 total
» units
| Acolyte | 5 | |
| Ghoul | 3 | |
| Crypt Fiend | 16 | |
| Necromancer | 7 | |
31 total
» upgrades
| Creature Attack | 3 | |
| Creature Carapace | 3 | |
| Web | 1 | |
| Skeletal Longevity | 1 | |
| Necromancer Training | 2 | |
| Skeletal Mastery | 1 | |
11 total
» buildings
| Altar of Darkness | 1 | |
| Ziggurat | 9 | |
| Crypt | 1 | |
| Tomb of Relics | 3 | |
| Graveyard | 1 | |
| Halls of the Dead | 1 | |
| Nerubian Tower | 1 | |
| Temple of the Damned | 3 | |
| Necropolis | 1 | |
| Spirit Tower | 2 | |
| Black Citadel | 1 | |
| Sacrificial Pit | 1 | |
| Boneyard | 2 | |
27 total
» build order
00:03 Altar of Darkness
00:17 Ziggurat
00:37 Crypt
00:56 Tomb of Relics
01:21 Graveyard
01:34 Ziggurat
04:57 Halls of the Dead
05:04 Ziggurat
06:39 Ziggurat
06:46 Ziggurat
10:00 Nerubian Tower
10:05 Tomb of Relics
10:08 Temple of the Damned
10:10 Tomb of Relics
10:13 Ziggurat
10:44 Necropolis
12:14 Spirit Tower
12:15 Spirit Tower
14:17 Black Citadel
14:19 Ziggurat
14:20 Ziggurat
14:22 Sacrificial Pit
14:25 Ziggurat
14:27 Temple of the Damned
14:27 Temple of the Damned
22:05 Boneyard
22:08 Boneyard
» items
| Rod of Necromancy | 1 | |
| Scroll of Town Portal | 6 | |
| Potion of Mana | 3 | |
| Potion of Healing | 2 | |
| Orb of Corruption | 1 | |
13 total
Chat log
(00:09 / Allies) P12ACTICE: hey ssundae
(00:17 / Allies) BRIENNEOFTARTH: gonn expo and get wyverns bats
(00:35 / Allies) P12ACTICE: ill help yah out
(00:38 / Allies) BRIENNEOFTARTH: thx
(00:46 / Allies) BRIENNEOFTARTH: ill straight tech to wyvern then if u dont mind
(00:51 / Allies) P12ACTICE: I went fiend build
(00:59 / Allies) P12ACTICE: so creep your green before mine
(01:25 / Allies) P12ACTICE: imma 3 fiend tech
(01:37 / All) BRIENNEOFTARTH: im sorry but a 40 yr old washed up man scoring 60 in his last game just reeks of RIGGED
(02:09 / All) Ludakatapro: what?
(02:13 / All) BRIENNEOFTARTH: nvm
(02:24 / All) Ludakatapro: what r u talkin bout? :P
(03:13 / Allies) P12ACTICE: gold mine
(03:42 / All) Ludakatapro: god damit
(03:45 / All) Ludakatapro: i was lookin at my phone
(04:10 / Allies) SsundeE: g
(04:23 / Allies) P12ACTICE: purple
(04:25 / Allies) P12ACTICE: bring your hero to me
(04:31 / Allies) BRIENNEOFTARTH: k
(05:11 / Allies) SsundeE: buy clarity
(05:19 / Allies) P12ACTICE: purple
(05:26 / Allies) P12ACTICE: stop standing
(05:35 / Allies) P12ACTICE: bring healing scroll
(05:36 / Allies) P12ACTICE: and come
(06:17 / Allies) BRIENNEOFTARTH: he got no mana
(06:24 / Allies) P12ACTICE: stay with me damn it
(06:44 / Allies) P12ACTICE: purple your hero isnt leveling in your bse
(06:59 / Allies) BRIENNEOFTARTH: quit bitching at me really; its one bm
(07:03 / Allies) BRIENNEOFTARTH: u fed him to almost 3
(08:51 / Allies) P12ACTICE: lets hit red
(09:11 / Allies) BRIENNEOFTARTH: let me plop down hall
(09:15 / Allies) P12ACTICE: k
(09:32 / Allies) SsundeE: 3
(09:42 / Allies) P12ACTICE: hitting now will tp after
(09:46 / Allies) SsundeE: k
(09:46 / Allies) SsundeE: go
(10:00 / Allies) BRIENNEOFTARTH: stay blue
(10:15 / All) Your.Master.: Teal tk
(10:28 / All) SsundeE: ???
(10:33 / All) Your.Master.: Teal tk
(10:34 / Allies) SsundeE: they are tk
(10:35 / Allies) SsundeE: lol
(11:36 / All) muffelmuff: gg no teamplay here ... u win
(11:42 / All) SsundeE: ggwp
(11:44 / All) Your.Master.: Teal tk
(11:47 / All) muffelmuff: sorry for this
(11:48 / All) Ludakatapro: teal TKed
(11:57 / All) Ludakatapro: bcuz green didnt give him boots :D
(12:44 / Allies) BRIENNEOFTARTH: wood
(13:44 / Allies) BRIENNEOFTARTH: wood not gold
(14:03 / Allies) P12ACTICE: just givien surpluss
(14:06 / Allies) P12ACTICE: need wood for frost
(14:43 / Allies) P12ACTICE: reds dead
(14:47 / Allies) P12ACTICE: no hero or peons
(15:09 / All) Ludakatapro: well I tried my best
(15:13 / All) Ludakatapro: but teal is a big baby
(16:00 / Allies) P12ACTICE: ty pink
(16:03 / Allies) SsundeE: np
(16:20 / All) SsundeE: leave?
(16:22 / Allies) P12ACTICE: grens just hanging at expo
(16:27 / Allies) SsundeE: lel
(16:39 / Allies) SsundeE: purp go cata
(17:36 / Allies) P12ACTICE: ill wait for you guys
(17:42 / Allies) SsundeE: k
(17:51 / Allies) P12ACTICE: hit his main
(17:59 / Allies) P12ACTICE: ignore expo
(18:01 / Allies) P12ACTICE: to many tower
(18:02 / Allies) P12ACTICE: ignore
(18:19 / Allies) SsundeE: get breath
(18:20 / Allies) SsundeE: lol
(19:45 / Allies) SsundeE: dat tk
(20:06 / Allies) SsundeE: why are u tking us purp
(20:09 / Allies) SsundeE: fucking moron
(21:11 / Allies) P12ACTICE: this is why bnet is dead.
(21:14 / Allies) SsundeE: end befoer purp tks lol
(21:22 / Allies) P12ACTICE: idc for loss or win
(21:24 / Allies) P12ACTICE: this is just no fun
(21:26 / Allies) SsundeE: i do
(21:30 / Allies) P12ACTICE: hope you are enjoyin purp.
(21:36 / Allies) SsundeE: im trying to get an icon :/
(21:37 / Allies) BRIENNEOFTARTH: quit trying ipik u lost lol
(21:46 / Allies) SsundeE: ipik?
(21:48 / Allies) P12ACTICE: ipik?
(21:56 / Allies) P12ACTICE: pink.
(22:00 / Allies) SsundeE: obv~
(22:09 / Allies) SsundeE: fucking stop noob
(22:50 / All) Your.Master.: idiot
(22:51 / All) Your.Master.: leave
(22:56 / All) SsundeE: u leave
(23:01 / All) SsundeE: u cant win 3v1
(23:02 / Allies) SsundeE: lol
(23:04 / All) Your.Master.: you and your team first
(23:08 / All) Your.Master.: I'll leave victorious
(23:16 / All) Your.Master.: blue is private whispering me talking to yellow LOL
(23:17 / All) SsundeE: no u wont
(23:24 / All) Your.Master.: clicked the wrong player
(23:25 / All) Your.Master.: LOL
(23:35 / Allies) SsundeE: dont tk him
(23:37 / Allies) SsundeE: go for green
(23:42 / Allies) SsundeE: fucking yellow
(23:58 / All) SsundeE: hehhhh
(24:03 / All) SsundeE: my team is full of idiots
(24:05 / All) Your.Master.: wrong player blue
(24:06 / All) Your.Master.: idiot lol
(24:10 / All) Your.Master.: he's talking to me rather than yellow
(24:26 / All) Your.Master.: lmao
(24:44 / Allies) SsundeE: stop it
(24:56 / Allies) SsundeE: STOP CONTROLLING HIM
(24:57 / All) Your.Master.: lol
(25:06 / All) BRIENNEOFTARTH: not gonna stop weeeeeee
(25:10 / Allies) P12ACTICE: its purple controlling.
(25:13 / Allies) P12ACTICE: c yah
(25:15 / All) SsundeE: IK
(25:16 / Allies) P12ACTICE: im alt tabbing.
(25:21 / All) SsundeE: useless team
(25:23 / All) SsundeE: ffs
(25:26 / All) BRIENNEOFTARTH: are u slow pink? of ocourse it was me
(26:39 / All) Your.Master.: drophack? I'm lagging
(27:32 / All) BRIENNEOFTARTH: naw
(28:36 / All) BRIENNEOFTARTH: havent worked this hard in a while
(28:49 / All) Your.Master.: I was worried you'd just leave
(29:37 / All) BRIENNEOFTARTH: i dont undersand why we were able to own red on bottom and my team won top easily too
(29:45 / All) Your.Master.: blue was trying to message yellow and kept messaging me LOL
(29:50 / All) Your.Master.: in private
(30:02 / All) Your.Master.: and orange took my side against teal tking me over boots
(30:07 / All) BRIENNEOFTARTH: blue got mad at me cuz reds bm kept stealing his items and exp
(30:13 / All) Your.Master.: lawl
(30:16 / All) BRIENNEOFTARTH: he had fiendbot army and dust he didnt need my bm
(31:06 / All) BRIENNEOFTARTH: blue is of course still here even though he said hes alt tabbed
(31:17 / All) Your.Master.: he's a retard
(32:45 / All) BRIENNEOFTARTH: uh where is last builing lawl
(33:04 / All) Your.Master.: not sure
(33:13 / All) Your.Master.: blue hiding shit?
(33:20 / All) BRIENNEOFTARTH: oh left map
(33:47 / All) BRIENNEOFTARTH: upload us both